caesar, neutral male human Barbarian ..................................}}.%...................................... ...................................}}..............%........................ ...................................}}...............%.%..%....^............. ....................................}}...................%.................. .... --------------..... -----....}}}..............%..%.................. |... |...}}}..................................... | |.u..}}.....%............................... -....@.@.................................... ...........@.};..................................... -----.......}}}.................................... |......}}}}}..................Y................ |.......}}}.................................... -........}}.................................... ...........}}................................... |..............}}.................................. |.............}}}}................................. -............}}..}}................................ .............}}...}}................................ ..............}}...}}................................. .................}}....}}................................ caesar the Brigand Experience level: 10 Strength: 18/02 Dexterity: 17 Constitution: 18 Intelligence: 8 Wisdom: 9 Charisma: 6 Health: 58(100) Energy: 25(25) Def: 16 Gold: 2870 Moves: 14759 Dungeon seed: tqf1CTBkZ6qs9rCF Game ID: caesar_1543431529 Your Inventory: Coins $ - 2870 gold pieces Weapons a - the blessed rustproof +2 Cleaver (weapon in hands) Armor y - an uncursed +0 mummy wrapping A - an uncursed +0 dwarvish iron helm (being worn) B - an uncursed +0 pair of iron shoes (being worn) F - an uncursed +0 cloak of magic resistance (being worn) Y - a blessed greased +2 silver dragon scale mail (being worn) Comestibles g - 4 uncursed food rations o - 2 uncursed tripe rations Scrolls h - 4 uncursed scrolls of teleportation z - a blessed scroll of remove curse R - a cursed scroll of teleportation T - an uncursed scroll of food detection V - an uncursed scroll of confuse monster X - 2 uncursed scrolls of light Potions v - an uncursed potion of speed x - 2 uncursed potions of water K - a blessed potion of object detection L - 2 potions of holy water P - 2 uncursed potions of extra healing S - an uncursed potion of sleeping Rings t - a blessed +1 ring of gain strength (on left hand) J - an uncursed +2 ring of increase accuracy (on right hand) Wands b - a wand of digging (0:7) f - a wand of cold (0:5) i - a blessed wand of striking (0:5) n - a wand of teleportation (0:6) u - a wand of magic missile (0:4) C - a wand of fire (0:4) M - a wand of nothing (0:4) Q - a wand of magic missile (0:2) W - a wand of secret door detection (0:9) Tools c - an uncursed credit card d - a blessed magic lamp e - a blessed oil lamp (0:1129) k - 4 uncursed tallow candles (0:200) l - an uncursed mirror m - an uncursed wooden flute q - an uncursed skeleton key s - a tinning kit (0:79) E - a +0 pick-axe H - a +0 unicorn horn N - an uncursed blindfold U - 7 uncursed partly used tallow candles (0:199) Gems G - an uncursed luckstone named luckstone Spells and supernatural/magical abilities: Name Level Category Fail Memory a - force bolt 1 attack 100% 49% f - fireball 4 attack 100% 49% W - pray for help -- divine ? -- Your skills at the end: Fighting Skills bare handed combat [Basic] Weapon Skills axe [Basic] two-handed sword [Basic] Spellcasting Skills Final Attributes: You were piously aligned. You were poison resistant. You were magic-protected. You were telepathic. You were held by a giant eel. You had a +2 bonus to hit. You were fast. You had reflection. You were very lucky. You had extra luck. Bad luck did not time out for you. Good luck did not time out for you. You are dead. Vanquished creatures: a ghost 3 giant mimics 3 large mimics a hill giant a water demon a winter wolf 2 small mimics a wood golem a large dog a large cat 2 tengu an energy vortex a mountain centaur a human mummy 2 ettin zombies a crocodile 3 giant beetles a quivering blob a cockatrice 6 wolves 3 leprechauns an orc-captain an iron piercer 6 giant spiders 2 gnome kings an orc mummy 2 dwarf mummies 11 ogres 2 owlbears a gold golem 3 lizards a chickatrice a dingo a jaguar 2 dwarf lords a blue jelly a white unicorn 2 ravens a gnome mummy a snake 2 apes 9 human zombies a rope golem a soldier ant a bugbear an imp 2 wood nymphs a water nymph 5 mountain nymphs 8 Mordor orcs 5 Uruk-hai 3 orc shamans a rock piercer 3 rock moles a fog cloud 4 yellow lights a shrieker 3 violet fungi 16 gnome lords 7 gnomish wizards 2 kobold mummies a golden naga hatchling 3 gray oozes a ghoul 2 straw golems 3 paper golems a baby crocodile 7 giant ants 3 little dogs 5 floating eyes 25 dwarves a kobold shaman 15 hill orcs 11 rothes a rabid rat 2 centipedes a giant bat an orc zombie 6 dwarf zombies a wererat 2 werejackals 4 iguanas 12 killer bees an acid blob 10 coyotes 4 gas spores 4 hobbits 2 manes 2 large kobolds a hobgoblin 6 giant rats 11 cave spiders 2 brown molds a yellow mold a red mold 67 gnomes 2 gnome zombies 9 geckos 23 jackals 3 kobolds 6 goblins a sewer rat 9 grid bugs 5 bats 12 lichens 2 kobold zombies 14 newts 461 creatures vanquished. Voluntary challenges: You used a wielded weapon 628 times, starting on turn 17. You read items or engraved 42 times, starting on turn 2062. You never genocided any monsters. You never polymorphed an object. You never changed form. You used 1 wish, starting on turn 12102. You did not wish for any artifacts. You split 1 pudding, starting on turn 8223. You wrote Elbereth's name 7 times, starting on turn 2935. You violated your moral code, losing 24 points of alignment, starting on turn 1615. Dungeon overview: The Dungeons of Doom: levels 1 to 11 Level 1 a long staircase Level 2 a potion shop, a fountain stairs to The Gnomish Mines Level 3 an altar to Mitra, a fountain Level 4 a general store, an altar to Crom Level 5 some fountains Level 6 a fountain stairs to Sokoban Level 7 a sink Level 8 a general store, a fountain Level 9 Level 10 Level 11 portal to The Quest The Gnomish Mines: levels 3 to 11 Level 3 stairs to The Dungeons of Doom Level 4 Level 5 Level 6 many shops, a temple to Mitra, some fountains Level 7 Level 8 Level 9 Level 10 Level 11 The Quest: Level 1 <- You were here portal to The Dungeons of Doom Sokoban: levels 2 to 5 Level 2 Level 3 Level 4 Level 5 stairs to The Dungeons of Doom History has recorded: On T:1 you entered the Dungeons of Doom to retrieve the Amulet of Yendor! On T:476 you reached level 2 of The Dungeons of Doom. On T:651 you reached level 3 of The Dungeons of Doom. On T:713 you reached level 1 of The Gnomish Mines. On T:856 you advanced to experience level 2. On T:1615 you advanced to experience level 3. On T:1615 you advanced to experience level 4. On T:1789 you reached level 4 of The Dungeons of Doom. On T:2189 you advanced to experience level 5. On T:2219 you reached level 5 of The Dungeons of Doom. On T:2683 you reached level 6 of The Dungeons of Doom. On T:2906 you advanced to experience level 6. On T:3136 you reached level 4 of Sokoban. On T:4370 you received Cleaver from Crom. On T:4503 you advanced to experience level 7. On T:4748 you reached level 3 of Sokoban. On T:5261 you reached level 2 of Sokoban. On T:5910 you reached level 1 of Sokoban. On T:7361 you reached level 2 of The Gnomish Mines. On T:7385 you advanced to experience level 8. On T:7821 you reached level 3 of The Gnomish Mines. On T:8352 you reached level 4 of The Gnomish Mines. On T:9105 you reached level 5 of The Gnomish Mines. On T:9213 you reached level 6 of The Gnomish Mines. On T:9541 you advanced to experience level 9. On T:9773 you reached level 7 of The Gnomish Mines. On T:9947 you reached level 8 of The Gnomish Mines. On T:9983 you reached level 9 of The Gnomish Mines. On T:12102 you wished for "blessed greased +2 silver dragon scale mail". On T:12169 you reached level 7 of The Dungeons of Doom. On T:12563 you advanced to experience level 10. On T:12579 you reached level 8 of The Dungeons of Doom. On T:12632 you reached level 9 of The Dungeons of Doom. On T:13046 you reached level 10 of The Dungeons of Doom. On T:13219 you reached level 11 of The Dungeons of Doom. On T:13511 you reached level 1 of The Quest. Score breakdown: Gold: 2870 (11763 points) Experience: 10 levels (16712 points) Exploration: 11 levels ( 23.91%) (14142 points) Discoveries: 39 items ( 15.92%) (11969 points) Valuables value: (no points given unless you survive) Artifact value: 1500 (10804 points) Variety of kills: 107 monsters ( 28.08%) (15898 points) Turncount: 14759 turns (-2953 points) Survival: died (score multiplied by 80%) Total score: 62668 Latest messages: You have a little trouble lifting h - an uncursed scroll of teleportation. You see here an ogre corpse. The ogre swings her club at the chieftain. The ogre hits the chieftain. You kill the ogre! There are a few objects here. You kill the ogre! You have a little trouble lifting P - a yellow potion. There are a few more objects here. "The battles here have been good -- our enemies' blood soaks the soil!" "There has been little treasure to loot, since the horde arrived." You never learned to swim! (Use the 'moveonly' command to move there anyway.) "The horde is mighty in numbers, but they have little courage." It misses. (2x) The giant eel bites! The giant eel swings itself around you! You cannot escape from the giant eel! The giant eel misses. (2x) You cannot escape from the giant eel! (2x) The giant eel bites! The giant eel drowns you... Final status: Goodbye caesar the Barbarian, drowned in a pool of water by a giant eel... You drowned in The Quest on dungeon level 1 with 62668 points, and 2870 pieces of gold, after 14759 moves. You were level 10 with a maximum of 100 hit points when you drowned.